 Dungeon Crawl Stone Soup version 0.29.1-1-gd02db6906a (webtiles) character file.

Game seed: 12235970758772439901

5172 hawla the Thaumaturge (level 10, -4/53 HPs)
             Began as a Deep Elf Fire Elementalist on Oct 20, 2022.
             Slain by a vault guard
             ... wielding a +0 broad axe
              (15 damage)
             ... in a bailey.
             The game lasted 00:23:28 (8706 turns).

hawla the Thaumaturge (Deep Elf Fire Elementalist)  Turns: 8706, Time: 00:23:28

Health: -4/53      AC:  5    Str:  5    XL:     10   Next: 34%
Magic:  6/26       EV: 13    Int: 27    God:
Gold:   301        SH:  0    Dex: 15    Spells: 20/30 levels left

rFire   . . .      SeeInvis .   i - +6 hand axe of the Modern Demons {pain, Int+2 Stlth+}
rCold   . . .      Faith    .   (no shield)
rNeg    . . .      Spirit   .   a - +1 robe
rPois   .          Reflect  .   (no helmet)
rElec   .          Harm     .   l - +0 cloak
rCorr   .          Rampage  .   j - +0 pair of gloves
Will    +....                   (no boots)
Stlth   +++.......              (no amulet)
HPRegen 0.17/turn               (no ring)
MPRegen 0.20/turn               (no ring)

@: freezing walls
A: no striking features
a: no special abilities


You were in a bailey.
You visited 2 branches of the dungeon, and saw 8 of its levels.
You also visited: Bailey.

You collected 301 gold pieces.

Inventory:

Hand Weapons
 i - the +6 hand axe of the Modern Demons (weapon) {pain, Int+2 Stlth+}
   (You found it on level 2 of the Dungeon)

   In the hands of one skilled in necromantic magic, it inflicts extra damage on
   living creatures.
   Int:       It affects your intelligence (+2).
   Stlth:     It makes you more stealthy.
 v - the +10 mace "Eraen" {vorpal, rPois Will- Dex+6 SInv}
   (You found it on level 7 of the Dungeon)

   It inflicts extra damage upon your enemies.
   Dex:       It affects your dexterity (+6).
   rPois:     It protects you from poison.
   SInv:      It lets you see invisible.
   Will:      It decreases your willpower.
Armour
 a - a +1 robe (worn)
 j - a +0 pair of gloves (worn)
 l - a +0 cloak (worn)
Magical Staves
 n - a staff of death
Wands
 e - a wand of light (10)
 k - a wand of polymorph (9)
 q - a wand of digging (1)
 r - a wand of paralysis (11)
Potions
 c - a potion of haste
 d - 2 potions of brilliance {unknown}
 f - 2 potions of might
 p - 2 potions of mutation {unknown}
 s - a potion of flight
 t - a potion of invisibility {unknown}
 u - 2 potions of degeneration {unknown}


   Skills:
 + Level 2.1 Fighting
 + Level 3.3 Axes
 + Level 4.0 Dodging
 - Level 2.7 Stealth
 + Level 10.9 Spellcasting
 + Level 4.8 Conjurations
 + Level 2.0 Necromancy
 + Level 9.7 Fire Magic
 + Level 7.3 Ice Magic


You had 20 spell levels left.
You knew the following spells:

 Your Spells              Type           Power      Damage    Failure   Level
a - Foxfire               Conj/Fire      100%       2x1d9     1%          1
b - Scorch                Fire           100%       2d10      1%          2
c - Flame Wave            Conj/Fire      52%        2d13      1%          4
d - Frozen Ramparts       Ice            100%       1d16      1%          3

Your spell library contained the following spells:

 Spells                   Type           Power      Damage    Failure   Level
 Conjure Flame            Conj/Fire      52%        6-21      1%          3
 Inner Flame              Hex/Fire       40%        N/A       1%          3
 Ice Form                 Ice/Tmut       34%        N/A       9%          4
 Summon Ice Beast         Ice/Summ       34%        N/A       9%          4


Dungeon Overview and Level Annotations

Branches:
Dungeon (7/15)             Temple (1/1) D:4          Bailey (1/1)

Altars:
Cheibriados
Dithmenos
Elyvilon
Hepliaklqana
Kikubaaqudgha
Makhleb
Okawaru
Ru
Sif Muna
Trog
Uskayaw
Wu Jian
Xom
Zin
The Shining One

Annotations:
D:3 3 runed translucent doors, quakins's ghost, weakling FoFi


Message History

Flames lash the vault guard but do no damage.
The vault guard barely misses you.
Casting: Scorch (safe; 1% risk of failure)
Confirm with . or Enter, or press ? or * to list all spells.
Flames lash the vault guard but do no damage.
The vault guard closely misses you.
Casting: Scorch (safe; 1% risk of failure)
Confirm with . or Enter, or press ? or * to list all spells.
Casting: Flame Wave (dangerous; 1% risk of failure)
Press: ? - help, Dir - look around, f - activate A wave of flame ripples out!
The flame wave engulfs the vault guard!!
The vault guard is burned terribly!
The vault guard is moderately wounded. (Press . to intensify the flame waves.)
The vault guard hits you with a +0 broad axe!!
* * * LOW HITPOINT WARNING * * *
You feel much better.
The vault guard is no longer more vulnerable to fire.
The vault guard hits you with a +0 broad axe.
You aren't carrying any scrolls.
Unknown command.
You aren't carrying any scrolls.
Unknown command.
Casting: Flame Wave (dangerous; 1% risk of failure)
Confirm with . or Enter, or press ? or * to list all spells.
Flames lash the vault guard but do no damage.
The vault guard closely misses you.
Casting: Scorch (safe; 1% risk of failure)
Confirm with . or Enter, or press ? or * to list all spells.
Casting: Frozen Ramparts (safe; 1% risk of failure)
Press: ? - help, Dir - look around, f - activate The walls around you are covered in ice.
The wall freezes the vault guard but does no damage.
The vault guard hits you with a +0 broad axe!!
* * * LOW HITPOINT WARNING * * *
You feel better.
The wall freezes the vault guard but does no damage.
The vault guard hits you with a +0 broad axe!
You die...

#~~~~~#...####p.#
#~~~~~#...#.....#
##~~~##...#...p.#
###+####..###'###
#......'..#≈..~≈#
#......####≈..~≈#
#.....##≈##≈.~≈##
##..p.#≈~≈≈~.~≈#
##.@##≈~~~~.~≈#
##.#≈~~~~..~≈##
###≈~~~.~..~≈#
#≈~~~....~≈##
#≈~~~.~...†≈###
#≈~~~....~)~≈≈≈.
##≈~~...†......#
#≈~~..)....~~~#
##≈~~##'##~~~##


You could see a vault guard.

Vanquished Creatures
  A vault guard (Bailey)
  Pikel (D:6)
  Maggie (D:6)
  Grinder (D:3)
  Prince Ribbit (Bailey)
  Eustachio (D:6)
  4 humans (Bailey)
  Duvessa (D:6)
  An orc warrior (D:6)
  2 ogres (D:6)
  A lemure (D:6)
  A phantom (D:4)
  3 necrophages
  Blork the orc (D:6)
  A gnoll sergeant (D:4)
  5 scorpions
  12 bullfrogs
  3 wights (D:6)
  Dowan (D:6)
  A howler monkey (D:5)
  A crimson imp (D:4)
  3 orc priests
  2 hounds
  A jelly (D:6)
  Crazy Yiuf (D:3)
  3 iguanas
  Natasha (twice) (D:2)
  An orc wizard (D:5)
  17 gnolls
  7 adders
  2 ufetubi
  2 worms
  7 dart slugs
  12 orcs
  2 bats
  5 endoplasms
  3 giant cockroaches
  12 goblins
  11 hobgoblins
  8 jackals
  5 quokkas
  10 ball pythons
  4 frilled lizards
  4 kobolds
  8 rats
176 creatures vanquished.

Vanquished Creatures (collateral kills)
  A foxfire (D:4)
1 creature vanquished.

Vanquished Creatures (others)
  263 foxfires
  5 plants (D:4)
268 creatures vanquished.

Grand Total: 445 creatures vanquished

Notes
Turn   | Place    | Note
-------+----------+-------------------------------------------
     0 | D:1      | hawla the Deep Elf Fire Elementalist began the quest for
                  | the Orb.
     0 | D:1      | Reached XP level 1. HP: 10/10 MP: 6/6
   248 | D:1      | Reached XP level 2. HP: 14/15 MP: 5/8
   666 | D:1      | Found a faded altar of an unknown god.
   833 | D:1      | Reached XP level 3. HP: 19/19 MP: 5/9
  1161 | D:2      | Learned a level 2 spell: Scorch
  1220 | D:2      | Identified the +2 leather armour of Muit Ywk {rN+ Stlth+}
  1318 | D:2      | Reached skill level 4 in Spellcasting
  1536 | D:2      | Reached XP level 4. HP: 24/24 MP: 8/12
  1582 | D:2      | Learned a level 4 spell: Flame Wave
  1873 | D:2      | Identified the +6 hand axe of the Modern Demons {pain,
                  | Int+2 Stlth+}
  1891 | D:2      | Noticed Natasha
  1895 | D:2      | Killed Natasha
  1974 | D:2      | Noticed Natasha
  2006 | D:2      | Killed Natasha
  2007 | D:2      | Reached XP level 5. HP: 10/28 MP: 1/13
  2204 | D:2      | Reached skill level 5 in Fire Magic
  2467 | D:3      | Noticed quakins's ghost (weakling FoFi)
  2468 | D:3      | Found a runed translucent gate.
  2469 | D:3      | Found a runed translucent gate.
  2469 | D:3      | Found a runed translucent gate.
  2476 | D:3      | Noticed Grinder
  3046 | D:3      | Killed Grinder
  3047 | D:3      | Reached XP level 6. HP: 26/32 MP: 5/14
  3353 | D:3      | Found a runed translucent door.
  3354 | D:3      | Noticed Crazy Yiuf
  3595 | D:3      | Killed Crazy Yiuf
  3596 | D:3      | Reached skill level 1 in Necromancy
  3765 | D:4      | Reached XP level 7. HP: 27/36 MP: 10/16
  4033 | D:4      | Learned a level 3 spell: Frozen Ramparts
  4100 | D:4      | You fall into a shaft and drop 1 floor!
  4100 | D:5      | Entered Level 5 of the Dungeon
  4237 | D:5      | Reached skill level 1 in Ice Magic
  4421 | D:5      | Reached skill level 5 in Ice Magic
  4798 | D:5      | Reached XP level 8. HP: 41/41 MP: 9/17
  4930 | D:4      | Found a glowing silver altar of Zin.
  4939 | D:4      | Found a bloodstained altar of Trog.
  5119 | D:4      | Found a hide-covered altar of Uskayaw.
  5519 | D:4      | Reached skill level 1 in Axes
  5655 | D:4      | Found a staircase to the Ecumenical Temple.
  5661 | Temple   | Entered the Ecumenical Temple
  5784 | D:4      | Reached skill level 5 in Spellcasting
  6046 | D:4      | Found a shimmering altar of Xom.
  6049 | D:4      | Found a burning altar of Makhleb.
  6596 | D:6      | Noticed Maggie
  6597 | D:6      | Noticed Pikel
  6601 | D:6      | Killed Pikel
  6602 | D:6      | Reached skill level 1 in Fighting
  6602 | D:6      | Reached skill level 6 in Spellcasting
  6605 | D:6      | Killed Maggie
  6606 | D:6      | Reached skill level 7 in Spellcasting
  6606 | D:6      | Reached XP level 9. HP: 39/47 MP: 2/22
  7034 | D:6      | Reached skill level 8 in Spellcasting
  7159 | D:6      | Noticed Blork the orc
  7165 | D:6      | Killed Blork the orc
  7538 | D:6      | Noticed Eustachio
  7546 | D:6      | Killed Eustachio
  7686 | D:6      | Reached skill level 9 in Spellcasting
  8009 | D:6      | Noticed Duvessa
  8009 | D:6      | Noticed Dowan
  8029 | D:6      | Killed Duvessa
  8201 | D:6      | Killed Dowan
  8327 | D:7      | Found a flagged portal.
  8361 | D:7      | Identified the +10 mace "Eraen" {vorpal, rPois Will- Dex+6
                  | SInv}
  8371 | Bailey   | Entered a bailey
  8402 | Bailey   | Reached skill level 10 in Spellcasting
  8423 | Bailey   | Reached XP level 10. HP: 34/53 MP: 16/26
  8625 | Bailey   | Noticed Prince Ribbit
  8628 | Bailey   | Noticed a vault guard
  8637 | Bailey   | Killed Prince Ribbit
  8637 | Bailey   | Killed a vault guard
  8652 | Bailey   | Noticed a vault guard
  8706 | Bailey   | Slain by a vault guard

Illustrated notes

Levels and vault maps discovered:
D:1:      minmay_arrival_four_loops, layout_basic,
          shapermc_ecumenical_altar_mp_highgroup
D:2:      layout_loops_ring, uniq_natasha
D:3:      layout_loops_cross, ebering_ghost_rock_garden,
          uniq_crazy_yiuf_cottage, uniq_grinder
D:4:      layout_loops_corners, grunt_temple_overflow_champion_of_chaos,
          mainiacjoe_overflow_swirl, mainiacjoe_overflow_concentric_impassable,
          minmay_temple_entry_gardened_gates, minmay_misc_feat_nine_boxes,
          nicolae_concentric_dashed_squares_mild
D:5:      layout_cave_pools
D:6:      layout_basic, amcnicky_mini_rare_corridor_liquid, uniq_blork_the_orc,
          uniq_maggie, uniq_duvessa, uniq_eustachio, uniq_pikel
D:7:      layout_loops_cross, mainiacjoe_overflow_tiny_flanked,
          evilmike_ruin_ashenzari, enter_bailey_5, minmay_misc_feat_tower
Temple:   nicolae_temple_two_arcs
Bailey:   bailey_axe_froggy_fort_hellmonk, bailey

Skill      XL: |  1  2  3  4  5  6  7  8  9 10 |
---------------+-------------------------------+-----
Fire Magic     | 4 6 7 9 |  9.7
Spellcasting   | 4 7 10 | 10.9
Conjurations   | 2 3 4 |  4.8
Necromancy     | 2 |  2.0
Ice Magic      | 5 6 7 |  7.3
Axes           | 2 3 |  3.3
Fighting       | 1 2 |  2.1
Dodging        | 3 4 |  4.0
Stealth        | |  2.7

Action                   |  1- 3 |  4- 6 |  7- 9 | 10-12 || total
-------------------------+-------+-------+-------+-------++-------
Melee: Unarmed           |     1 |       |       |       ||     1
       Hand axe          |       |    25 |    52 |     2 ||    79
       Punch             |       |       |     2 |       ||     2
       Mace              |       |       |     6 |       ||     6
 Cast: Foxfire           |    78 |    30 |    47 |       ||   155
       Scorch            |     5 |    15 |    53 |     7 ||    80
       Flame Wave        |       |     5 |    14 |     4 ||    23
       Frozen Ramparts   |       |       |    22 |     2 ||    24
  Use: Scroll            |     3 |     4 |    10 |       ||    17
       Potion            |       |     1 |     6 |     2 ||     9
 Stab: Sleeping          |       |     4 |     2 |       ||     6
Armor: Robe              |     3 |     9 |    31 |     2 ||    45
Dodge: Dodged            |     9 |    28 |    83 |     9 ||   129
